 Dungeon Crawl Stone Soup version 0.20-a0-809-gaf7f668 (webtiles) character file.

889 Gorglomux the Stinger (level 8, -4/62 HPs)
             Began as a Naga Venom Mage on Mar 2, 2017.
             Was a Follower of Vehumet.
             Slain by an ice beast (14 damage)
             ... on level 5 of the Dungeon.
             The game lasted 00:18:38 (6172 turns).

Gorglomux the Stinger (Naga Venom Mage)             Turns: 6172, Time: 00:18:39

Health: -4/62      AC:  5    Str: 10    XL:     8   Next: 6%
Magic:  6/15       EV: 10    Int: 18    God:    Vehumet [*.....]
Gold:   165        SH:  0    Dex: 12    Spells: 4/16 levels left

rFire    . . .     SeeInvis +   j - +1 whip
rCold    . . .     Gourm    .   a - +1 robe
rNeg     . . .     Faith    .   (no shield)
rPois    +         Spirit   .   (no helmet)
rElec    .         Reflect  .   Q - +0 cloak
rCorr    .         Harm     .   (no gloves)
MR       +....                  (no barding)
Stlth    ++........             (no amulet)
Regen    0.2/turn               (no ring)
MPRegen  0.2/turn               (no ring)

@: very slightly contaminated, very slow
A: see invisible, deformed body, poison resistance, slowness 2, slow metabolism
1, spit poison 1, AC +2
a: Spit Poison, Renounce Religion


You were on level 5 of the Dungeon.
You worshipped Vehumet.
Vehumet was aware of your devotion.
You were not hungry.

You visited 1 branch of the dungeon, and saw 5 of its levels.
You also visited: Sewer.

You collected 165 gold pieces.

Inventory:

Hand Weapons
 j - a +1 whip (weapon)
Armour
 a - a +1 robe (worn)
 Q - a +0 cloak (worn)
Wands
 P - a wand of paralysis (10/24)
Scrolls
 f - 2 scrolls of enchant armour
 g - a scroll of fear {unknown}
 p - 2 scrolls of enchant weapon
 q - a scroll of remove curse {unknown}
 x - a scroll of recharging
 B - 2 scrolls of blinking
 U - a scroll of immolation {unknown}
 X - 2 scrolls of teleportation {unknown}
 Y - a scroll of random uselessness {unknown}
Potions
 k - 5 potions of flight
 o - 3 potions of magic
 r - 4 potions of curing
 w - a potion of mutation {unknown}
 D - 2 potions of brilliance {unknown}
 V - a potion of degeneration {unknown}
Books
 b - a Young Poisoner's Handbook

   Spells                             Type                      Level
   a - Sting                          Conjuration/Poison           1
   b - Poisonous Vapours              Poison/Air                   2
   c - Mephitic Cloud                 Conjuration/Poison/Air       3
   d - Olgreb's Toxic Radiance        Poison                       4
   e - Venom Bolt                     Conjuration/Poison           5
 T - a book of Necromancy

   Spells                             Type                      Level
   a - Pain                           Necromancy                   1
   b - Animate Skeleton               Necromancy                   1
   c - Vampiric Draining              Necromancy                   3
   d - Regeneration                   Charms/Necromancy            3
   e - Animate Dead                   Necromancy                   4
   f - Control Undead                 Necromancy                   4
Comestibles
 c - 3 bread rations
 i - a fruit
 t - a meat ration
 v - a royal jelly


   Skills:
 - Level 1.5 Dodging
 - Level 4.0 Stealth
 + Level 4.9 Spellcasting
 + Level 4.8 Conjurations
 - Level 2.2 Air Magic
 + Level 7.1 Poison Magic


You had 4 spell levels left.
You knew the following spells:

 Your Spells              Type           Power        Failure   Level  Hunger
a - Sting                 Conj/Pois      ####         1%          1    None
b - Poisonous Vapours     Pois/Air       ###...       3%          2    #......
c - Olgreb's Toxic Radia  Pois           ####....     10%         4    ####...
d - Freeze                Ice            #...         14%         1    None
e - Pain                  Necr           #...         14%         1    None
m - Mephitic Cloud        Conj/Pois/Air  ###.....     10%         3    ###....


Dungeon Overview and Level Annotations

Branches:
Dungeon (5/15)             Temple (0/1) D:4

Altars:
Ashenzari
Elyvilon
Kikubaaqudgha
Makhleb
Ru
Sif Muna
Trog
Uskayaw
Vehumet


Innate Abilities, Weirdness & Mutations

You cannot wear boots.
Your serpentine skin is tough. (AC +2)
You have supernaturally acute eyesight. (SInv)
Armour fits poorly on your strangely shaped body.
Your system is resistant to poisons. (rPois)
You cover ground very slowly.
You have a slow metabolism.
You can spit poison.


Message History

You barely miss the ice beast.
The ice beast is moderately wounded.
The ice beast closely misses you.
You completely miss the ice beast.
The ice beast is moderately wounded.
The ice beast hits you.
* * * LOW HITPOINT WARNING * * *
The ice beast freezes you!
* * * LOW HITPOINT WARNING * * *
Casting: Pain
Confirm with . or Enter, or press ? or * to list all spells.
Aiming: Pain
Press: ? - help, Shift-Dir - straight line, f/p - ice beast
Aim: an ice beast (moderately wounded, chance to defeat MR: 45%)
You miscast Pain.
You hear strange and distant voices.
The ice beast hits you.
* * * LOW HITPOINT WARNING * * *
The ice beast freezes you!
You die...

.# .## .. ..## ## .#
#..## #..# ..## ##..##
#..# ...# ##..## #..#
#... ##..# #..####..# #
#..## ##.....#Y## .#
#...###......@..###
..##.................#
......................#
.......................#
.....>..)..............#
_......................#
......................##
......................#
....................##


You could see an ice beast.

Vanquished Creatures
  Duvessa (D:5)
  2 ice beasts (D:5)
  An ogre (D:4)
  A big kobold (Sewer)
  Dowan (D:5)
  A crimson imp (D:5)
  A bullfrog skeleton (D:5)
  An iguana (D:5)
  2 orc wizards (D:4)
  A hound zombie (D:5)
  3 river rats (Sewer)
  8 adders
  A shadow imp (D:5)
  An ooze (D:1)
  An adder skeleton (D:5)
  2 adder zombies (D:5)
  4 worms
  6 dart slugs
  5 leopard geckos
  4 orcs
  3 ball pythons (D:2)
  5 giant cockroaches
  6 goblins
  10 hobgoblins
  6 jackals
  A ball python skeleton (D:4)
  7 bats
  6 frilled lizards
  A giant cockroach zombie (D:5)
  2 jackal zombies
  8 kobolds
  A leopard gecko skeleton (D:3)
  3 leopard gecko zombies (D:5)
  9 rats
115 creatures vanquished.

Notes
Turn   | Place    | Note
-------+----------+-------------------------------------------
     0 | D:1      | Gorglomux the Naga Venom Mage began the quest for the Orb.
     0 | D:1      | Reached XP level 1. HP: 15/15 MP: 3/3
   270 | D:1      | Reached XP level 2. HP: 22/22 MP: 0/5
  1048 | D:2      | Learned a level 2 spell: Poisonous Vapours
  1078 | D:2      | Reached XP level 3. HP: 22/28 MP: 1/6
  1146 | D:2      | Learned a level 3 spell: Mephitic Cloud
  1661 | D:2      | Reached XP level 4. HP: 36/36 MP: 5/7
  2642 | D:3      | Reached skill level 5 in Poison Magic
  2781 | D:3      | Found a glowing drain.
  2853 | Sewer    | Entered a sewer
  2857 | Sewer    | Reached XP level 5. HP: 40/42 MP: 2/9
  2858 | Sewer    | Reached skill level 3 in Spellcasting
  2962 | Sewer    | Noticed a big kobold
  2972 | Sewer    | Killed a big kobold
  2972 | Sewer    | Reached skill level 1 in Air Magic
  3110 | Sewer    | Found a white marble altar of Elyvilon.
  3180 | D:3      | Reached skill level 3 in Conjurations
  3274 | D:3      | Found a burning altar of Makhleb.
  3277 | D:3      | Found a radiant altar of Vehumet.
  3279 | D:3      | Reached XP level 6. HP: 49/49 MP: 8/10
  3282 | D:3      | Became a worshipper of Vehumet
  3284 | D:3      | Found a hide-covered altar of Uskayaw.
  3285 | D:3      | Found a bloodstained altar of Trog.
  3310 | D:3      | Found a deep blue altar of Sif Muna.
  3314 | D:3      | Found a white marble altar of Elyvilon.
  3315 | D:3      | Found an ancient bone altar of Kikubaaqudgha.
  3435 | D:3      | Found a shattered altar of Ashenzari.
  4316 | D:4      | Found a staircase to the Ecumenical Temple.
  4571 | D:5      | Entered Level 5 of the Dungeon
  4578 | D:5      | Reached skill level 6 in Poison Magic
  4578 | D:5      | Reached XP level 7. HP: 52/55 MP: 12/12
  4599 | D:5      | Noticed Duvessa
  4605 | D:5      | Noticed Dowan
  4629 | D:5      | Killed Duvessa
  4630 | D:5      | Killed Dowan
  4867 | D:5      | Learned a level 4 spell: Olgreb's Toxic Radiance
  5691 | D:5      | Reached * piety under Vehumet
  5691 | D:5      | Offered knowledge of Freeze by Vehumet.
  5747 | D:5      | Found a sacrificial altar of Ru.
  5790 | D:5      | Learned a level 1 spell: Freeze
  5814 | D:5      | Reached skill level 7 in Poison Magic
  5814 | D:5      | Reached XP level 8. HP: 17/62 MP: 15/15
  6128 | D:5      | Learned a level 1 spell: Pain
  6172 | D:5      | Slain by an ice beast

Vault maps used:
D:1:      erik_arrival_cave_to_civilisation
D:2:      first_bread, minmay_surrounded
D:3:      minitemple, ashenzari_conservatory_becter, gup_sewer_entry_pipe,
          feat_on_display
D:4:      temple_hall
D:5:      nicolae_overflow_crystal_walls, serial_undead, serial_undead_a,
          serial_undead_d, serial_undead_d, serial_undead_e, basic_altar,
          uniq_duvessa
Sewer:    sewer_kobolds

Skill      XL: |  1  2  3  4  5  6  7 |
---------------+----------------------+-----
Stealth        | 4 |  4.0
Conjurations   | 2 3 4 |  4.8
Poison Magic   | 5 6 7 |  7.1
Spellcasting   | 3 4 |  4.9
Air Magic      | 1 2 |  2.2
Dodging        | |  1.5

Action                   |  1- 3 |  4- 6 |  7- 9 || total
-------------------------+-------+-------+-------++-------
Melee: Unarmed           |     2 |       |       ||     2
       Whip              |    21 |    78 |   171 ||   270
 Cast: Sting             |    44 |   119 |     9 ||   172
       Poisonous Vapours |     4 |    18 |     3 ||    25
       Mephitic Cloud    |       |     2 |     2 ||     4
       Olgreb's Toxic Ra |       |       |     2 ||     2
       Freeze            |       |       |     1 ||     1
       Pain              |       |       |    10 ||    10
 Abil: Spit Poison       |     5 |    11 |     4 ||    20
  Use: Scroll            |       |     8 |       ||     8
       Potion            |       |       |     4 ||     4
 Stab: Confused          |       |     1 |       ||     1
       Sleeping          |       |     1 |       ||     1
  Eat: Chunk             |     3 |     9 |     3 ||    15
       Fruit             |       |       |     2 ||     2
Armor: Robe              |     6 |    33 |    90 ||   129
       Skin              |       |       |     4 ||     4
Dodge: Dodged            |    25 |    63 |   101 ||   189
